 Dungeon Crawl Stone Soup version 0.22-a0-407-gb098539 (webtiles) character file.

306 Firecrotchwizard the Slasher (level 6, -7/84 HPs)
             Began as a Minotaur Monk on May 10, 2018.
             Killed from afar by an orc wizard (8 damage)
             ... with a magic dart
             ... on level 4 of the Dungeon.
             The game lasted 00:04:17 (2905 turns).

Firecrotchwizard the Slasher (Minotaur Monk)        Turns: 2905, Time: 00:04:18

Health: -7/84      AC: 23    Str: 15    XL:     6   Next: 16%
Magic:  14/14      EV:  2    Int:  7    God:
Gold:   187        SH:  0    Dex: 17    Spells: 5/5 levels left

rFire    . . .     SeeInvis .   a - +0 falchion
rCold    . . .     Gourm    .   (no shield)
rNeg     + + +     Faith    .   (armour currently unavailable)
rPois    +         Spirit   .   (helmet currently unavailable)
rElec    .         Reflect  .   (cloak currently unavailable)
rCorr    .         Harm     .   (gloves currently unavailable)
MR       .....     NoTele   +   (boots currently unavailable)
Stlth    ++........             (no amulet)
HPRegen  0.24/turn              h - ring of magical power {MP+9}
MPRegen  0.14/turn              n - +2 ring of dexterity

@: lethally poisoned (-7 -> -33), tree-form
A: (retaliatory headbutt)
a: no special abilities


You were on level 4 of the Dungeon.
You were not hungry.
You were a tree.
You visited 1 branch of the dungeon, and saw 4 of its levels.

You collected 187 gold pieces.

Inventory:

Hand Weapons
 a - a +0 falchion (weapon)
Missiles
 l - 8 curare-tipped needles
Armour
 b - a +0 robe
 d - a +0 ring mail (melded)
   (You found it on level 3 of the Dungeon)
 o - a +0 pair of gloves (melded)
   (You found it on level 2 of the Dungeon)
Jewellery
 h - a ring of magical power (left branch) {MP+9}
   (You found it on level 1 of the Dungeon)
 n - a +2 ring of dexterity (right branch)
   (You found it on level 2 of the Dungeon)
Scrolls
 e - 3 scrolls of identify {unknown}
 f - 2 scrolls of enchant armour {unknown}
 g - a scroll of amnesia {unknown}
 j - 3 scrolls of teleportation {unknown}
 k - 3 scrolls of remove curse {unknown}
 q - a scroll of immolation {unknown}
Potions
 i - 2 potions of lignification {!q}
 m - 2 potions of degeneration {unknown}
 p - a potion of magic {unknown}
 r - a potion of brilliance {unknown}
 s - 2 potions of curing {unknown}
 t - a potion of cancellation {unknown}
 u - 2 potions of heal wounds {unknown}
Comestibles
 c - 4 rations {@e1}
 v - 2 chunks of flesh {@w0}


   Skills:
 + Level 5.1 Fighting
 * Level 6.4 Long Blades
 + Level 4.8 Dodging
 - Level 1.5 Stealth


You had 5 spell levels left.
You didn't know any spells.

Dungeon Overview and Level Annotations

Branches:
Dungeon (4/15)
 Temple: D:4-7

Altars:
Wu Jian

Shops:
D:4 :


Innate Abilities, Weirdness & Mutations

((You reflexively headbutt those who attack you in melee.))
((You have a pair of horns on your head.))


Message History

You headbutt the hound.
An orc wizard comes into view. It is wielding an enchanted dagger.
You barely miss the hound. Your headbutt misses the hound.
The hound closely misses you.
You riposte.
You hit the hound.
You kill the hound!
You have reached level 6!
Your experience leads to an increase in your attributes!
Your base attributes are Str 15, Int 7, Dex 14.
Increase (S)trength, (I)ntelligence, or (D)exterity?
You feel agile.
An orc comes into view. It is wielding a mace.
Health restored: 56; MP restored: 14 The orc wizard gestures at you while chanting.
The magic dart hits you!
The orc priest looks braver for a moment.
You take 3 damage, and have 53/56 hp.
You barely miss the orc wizard. Your headbutt misses the orc wizard.
The orc wizard mumbles some strange words.
The orc wizard seems to speed up.
You hit the orc wizard. You headbutt the orc wizard.
The orc wizard hits you but does no damage.
The orc priest calls upon Beogh to heal the orc wizard.
The orc wizard's wounds heal themselves!
You hit the orc wizard.
The orc wizard casts a spell.
The orc wizard blinks!
The orc misses you.
You hit the orc wizard but do no damage.
Your headbutt misses the orc wizard.
The orc wizard hits you but does no damage.
The orc hits you with a mace.
Some of the chunks of flesh in your inventory have rotted away.
You take 1 damage, and have 53/56 hp.
You hit the orc wizard.
The orc wizard hits you but does no damage.
The orc priest calls down the wrath of Beogh upon you.
Beogh smites you!
You take 12 damage, and have 41/56 hp.
MASSIVE DAMAGE!!
You hit the orc priest but do no damage.
Your headbutt misses the orc priest.
The orc wizard hits you but does no damage.
The orc priest mumbles some strange prayers to Beogh against you.
Beogh smites you!
You take 16 damage, and have 25/56 hp.
MASSIVE DAMAGE!!
You hit the orc priest but do no damage.
You headbutt the orc priest.
The orc wizard mumbles some strange words.
The orc wizard blinks!
The orc wizard closely misses you. You furiously retaliate!
You headbutt the orc wizard. The orc priest barely misses you.
You furiously retaliate!
You headbutt the orc priest. You closely miss the orc priest.
The orc wizard gestures at you while chanting.
The magic dart hits you! The orc wizard barely misses you.
The orc priest barely misses you. You furiously retaliate!
You headbutt the orc priest.
The orc wizard hits you with a dagger of venom.
You are poisoned.
You take 7 damage, and have 18/56 hp.
You hit the orc priest.
You feel sick. The orc closely misses you. You furiously retaliate!
You headbutt the orc.
The orc wizard hits you but does no damage.
The orc wizard hits you with a dagger of venom.
* * * LOW HITPOINT WARNING * * *
You are lethally poisoned!
The orc priest hits you with a flail!
* * * LOW HITPOINT WARNING * * *
You take 11 damage, and have 7/56 hp.
You hit the orc priest.
You kill the orc priest!
* * * LOW HITPOINT WARNING * * *
You feel sick.
The orc wizard hits you but does no damage.
You are more poisoned.
The orc barely misses you. You furiously retaliate!
You headbutt the orc!
You kill the orc!
The orc wizard hits you but does no damage.
The orc wizard completely misses you. You furiously retaliate!
You headbutt the orc wizard.
You take 2 damage, and have 5/56 hp.
It was a potion of lignification.
You turn into a tree.
Your +0 pair of gloves melds into your body.
Your +0 ring mail melds into your body.
Your roots penetrate the ground.
* * * LOW HITPOINT WARNING * * *
You feel sick.
The orc wizard hits you but does no damage. x2
You are more poisoned.
You now have 5/84 hp.
You closely miss the orc wizard.
* * * LOW HITPOINT WARNING * * *
You feel very sick.
The orc wizard hits you but does no damage. x2
You take 3 damage, and have 2/84 hp.
You closely miss the orc wizard.
* * * LOW HITPOINT WARNING * * *
You feel sick.
The orc wizard points at you and mumbles some strange words.
The magic dart hits you!
You die...

####... . ##.. #. #...#
#. ... #. #...# #.# #..
#.# #...# ... .. #?#
#...# #.##.#####.# #...#
# .[........######....
...?##o#.##.##..........
......)♣.....[..........
....##)#o.#.##..........
. #.#..#.########...#
#...?..# #.... ###..###
#...# #..# #...# #..#
#...# ...# ##...# #...##


You could see 2 orc wizards.

Vanquished Creatures
  A howler monkey (D:3)
  A hound (D:4)
  2 orc priests (D:4)
  A worker ant (D:4)
  A hound skeleton (D:4)
  5 adders
  2 oozes
  2 worms (D:2)
  3 dart slugs
  A leopard gecko (D:1)
  5 orcs (D:4)
  6 giant cockroaches
  8 goblins
  6 hobgoblins
  8 jackals
  11 kobolds
  2 ball pythons
  5 bats
  5 frilled lizards
  3 rats (D:1)
78 creatures vanquished.

Notes
Turn   | Place    | Note
-------+----------+-------------------------------------------
     0 | D:1      | Firecrotchwizard the Minotaur Monk began the quest for the Orb.
     0 | D:1      | Reached XP level 1. HP: 19/19 MP: 0/0
    92 | D:1      | Reached skill level 4 in Long Blades
    92 | D:1      | Reached XP level 2. HP: 11/27 MP: 1/1
   387 | D:1      | Reached skill level 4 in Fighting
   546 | D:1      | Reached XP level 3. HP: 33/33 MP: 2/2
  1053 | D:2      | Found an ornate altar of the Wu Jian Council.
  1306 | D:2      | Reached XP level 4. HP: 39/40 MP: 3/3
  1309 | D:2      | Reached skill level 5 in Long Blades
  1309 | D:2      | Reached skill level 4 in Dodging
  2228 | D:3      | Reached XP level 5. HP: 46/47 MP: 4/4
  2623 | D:4      | Noticed an ogre
  2676 | D:4      | Found Wuoxetel's Book Emporium.
  2685 | D:4      | Reached skill level 6 in Long Blades
  2860 | D:4      | Reached skill level 5 in Fighting
  2890 | D:4      | Reached XP level 6. HP: 56/56 MP: 5/5
  2901 | D:4      | HP: 7/56 [orc priest/flail (8)]
  2904 | D:4      | HP: 2/84 [poisoned by an orc wizard]
  2905 | D:4      | Killed from afar by an orc wizard

Vault maps used:
D:1:      wheals_arrival_linesprint, minmay_misc_feat_rows, minmay_box_of_dots
D:2:      marbit_many_paths, minmay_stone_trees_medium
D:3:      first_ration, minmay_misc_feat_roman
D:4:      serial_shops, shop_fountains

Skill      XL: |  1  2  3  4  5 |
---------------+----------------+-----
Long Blades    | 4 5 6 |  6.4
Fighting       | 4 5 |  5.1
Dodging        | 4 |  4.8
Stealth        | |  1.5

Action                   |  1- 3 |  4- 6 || total
-------------------------+-------+-------++-------
Melee: Falchion          |    88 |    88 ||   176
       Headbutt          |    11 |    24 ||    35
  Use: Potion            |       |     1 ||     1
 Stab: Sleeping          |     1 |     4 ||     5
       Distracted        |       |     1 ||     1
  Eat: Chunk             |     1 |     5 ||     6
Armor: Robe              |    10 |     3 ||    13
       Ring mail         |       |    15 ||    15
       Skin              |       |     3 ||     3
Dodge: Dodged            |    67 |    53 ||   120
       Rpst.: Falchion   |    17 |    16 ||    33

Table legend:
 A = Spawn XP
 B = Non-spawn XP
 C = Spawn XP percentage of total XP
 D = Spawn monster count
 E = Non-spawn monster count
 F = Spawn count percentage of total count
 G = Total turns spent on level
                    A         B        C        D         E        F      G
               +---------+---------+-------+---------+---------+-------+---------
         Total |       0 |     438 |   0.0 |       0 |      78 |   0.0 |  2905
               +---------+---------+-------+---------+---------+-------+---------
           D:1 |       0 |      66 |   0.0 |       0 |      36 |   0.0 |  1029
           D:2 |       0 |      61 |   0.0 |       0 |      18 |   0.0 |   894
           D:3 |       0 |      72 |   0.0 |       0 |       8 |   0.0 |   597
           D:4 |       0 |     239 |   0.0 |       0 |      16 |   0.0 |   385
               +---------+---------+-------+---------+---------+-------+---------

Vault maps used:
D:1:      wheals_arrival_linesprint, minmay_misc_feat_rows, minmay_box_of_dots
D:2:      marbit_many_paths, minmay_stone_trees_medium
D:3:      first_ration, minmay_misc_feat_roman
D:4:      serial_shops, shop_fountains

Table legend:
 A = Turns spent in this place as a percentage of turns spent in the entire game.
 B = Non-inter-level travel turns spent in this place as a percentage of non-inter-level travel turns spent in the entire game.
 C = Inter-level travel turns spent in this place as a percentage of turns spent in this place.
 D = Turns resting spent in this place as a percentage of non-inter-level travel turns spent in this place.
 E = Turns spent auto-exploring this place as a percentage of non-inter-level travel turns spent in this place.
 F = Non-inter-level travel turns spent in this place divided by the number of levels of this place that you've seen.
                   A       B       C       D       E      F
               +-------+-------+-------+-------+-------+----------------------
         Total | 100.0 | 100.0 |   5.1 |  23.3 |  59.8 | 689.5
       Dungeon | 100.0 | 100.0 |   5.1 |  23.3 |  59.8 | 689.5
               +-------+-------+-------+-------+-------+----------------------

Table legend:
 A = Kills in this place as a percentage of kills in entire the game.
 B = Kills by you in this place as a percentage of kills by you in the entire game.
 C = Kills by friends in this place as a percentage of kills by friends in the entire game.
 D = Other kills in this place as a percentage of other kills in the entire game.
 E = Experience gained in this place as a percentage of experience gained in the entire game.
 F = Experience gained in this place divided by the number of levels of this place that you have seen.
                   A       B       C       D       E      F
               +-------+-------+-------+-------+-------+----------------------
         Total | 100.0 | 100.0 |   N/A |   N/A | 100.0 | 109.5
       Dungeon | 100.0 | 100.0 |   N/A |   N/A | 100.0 | 109.5
               +-------+-------+-------+-------+-------+----------------------
